 Dungeon Crawl Stone Soup version 0.21.1-1-g345015f (webtiles) character file.

942 Melicamp the Cutter (level 8, -2/43 HPs)
             Began as a Kobold Artificer on Mar 23, 2018.
             Slain by a gnoll
             ... wielding a +0 spear
              (3 damage)
             ... on level 6 of the Dungeon.
             The game lasted 00:46:53 (5978 turns).

Melicamp the Cutter (Kobold Artificer)              Turns: 5978, Time: 00:46:54

Health: -2/43      AC:  5    Str:  9    XL:     8   Next: 34%
Magic:  12/12      EV: 15    Int: 12    God:
Gold:   354        SH:  0    Dex: 18    Spells: 12/13 levels left

rFire    . . .     SeeInvis .   z - +1 dagger (freeze)
rCold    . . .     Gourm    +   (shield restricted)
rNeg     . . .     Faith    .   v - +2 robe {MR+}
rPois    .         Spirit   .   (no helmet)
rElec    .         Reflect  .   k - +0 cloak
rCorr    .         Harm     .   (no gloves)
MR       +....                  (no boots)
Stlth    ++........             H - amulet of the gourmand
HPRegen  0.14/turn              (no ring)
MPRegen  0.13/turn              (no ring)

@: no status effects
A: small, carnivore
a: no special abilities


You were on level 6 of the Dungeon.
You were very full.

You visited 1 branch of the dungeon, and saw 6 of its levels.

You collected 354 gold pieces.

Inventory:

Hand Weapons
 j - a +0 hunting sling
 z - a +1 dagger of freezing (weapon)
 A - a +0 blowgun
Missiles
 b - 18 bolts
 g - 116 stones (quivered)
 h - a tomahawk of dispersal
 p - 128 arrows
 u - 13 sling bullets
 B - 38 poisoned needles
 I - a tomahawk
Armour
 k - a +0 cloak (worn)
 v - a +2 robe of magic resistance (worn)
Jewellery
 H - an amulet of the gourmand (around neck)
Wands
 d - a wand of enslavement (8)
 e - a wand of random effects (12)
 C - a wand of polymorph (9)
 E - a wand of paralysis (7)
 F - a wand of digging (12)
 G - a wand of acid (6)
Scrolls
 c - 3 scrolls of identify
 m - a scroll of enchant weapon {unknown}
 r - a scroll of enchant armour {unknown}
 s - 4 scrolls of remove curse
 t - a scroll of noise {unknown}
 w - 3 scrolls of amnesia
 y - a scroll of magic mapping {unknown}
 D - a scroll of fog
 L - a scroll of immolation {unknown}
Potions
 a - a potion of lignification {unknown}
 i - a potion of brilliance {unknown}
 l - 2 potions of curing {unknown}
 n - 2 potions of invisibility {unknown}
 o - a potion of heal wounds
 q - 2 potions of agility {unknown}
 x - 2 potions of degeneration {unknown}
 J - a potion of might {unknown}
Books
 K - a book of Geomancy

   Spells                             Type                      Level
   a - Sandblast                      Earth                        1
   b - Passwall                       Transmutation/Earth          2
   c - Stone Arrow                    Conjuration/Earth            3
   d - Petrify                        Transmutation/Earth          4
   e - Lee's Rapid Deconstruction     Earth                        5
Comestibles
 f - 13 rations


   Skills:
 - Level 1.1 Fighting
 - Level 7.0 Short Blades
 - Level 6.2 Slings
 - Level 2.4 Dodging
 - Level 1.3 Stealth
 - Level 3.0 Spellcasting
 * Level 1.2 Earth Magic
 - Level 3.6 Evocations


You had 12 spell levels left.
You knew the following spells:

 Your Spells              Type           Power        Failure   Level  Hunger
a - Sandblast             Erth           #.....       16%         1    #......


Dungeon Overview and Level Annotations

Branches:
Dungeon (6/15)
 Temple: D:4-7

Altars:
Uskayaw

Shops:
D:6 ?

Annotations:
D:5 2 exclusions


Innate Abilities, Weirdness & Mutations

You are small and have problems with some larger weapons.
You are carnivorous and can eat meat at any time.


Message History

The gnoll closely misses you.
The gnoll hits you from afar with a spear!
* * * LOW HITPOINT WARNING * * *
The gnoll barely misses you.
You hit the gnoll. You freeze the gnoll.
The gnoll is almost dead.
The gnoll hits you from afar with a spear.
* * * LOW HITPOINT WARNING * * *
You closely miss the gnoll.
The gnoll is almost dead.
The gnoll closely misses you.
You hit the gnoll but do no damage.
The gnoll is almost dead.
The gnoll closely misses you.
You hit the gnoll. You freeze the gnoll.
You kill the gnoll!
The gnoll hits you from afar with a spear!
* * * LOW HITPOINT WARNING * * *
The gnoll hits you with a spear.
You die...

.........##.#
#######.#...#
#...#.###
#.###.########
#.###......... (
#....######### #(#
#.........# #...#
#.##.####.####(...#
#.##.# #...@g#
#....# #####.#
###### .# .# .. ##


You could see a gnoll.

Vanquished Creatures
  Sigmund (D:2)
  A black bear (D:6)
  2 ogres
  A centaur (D:5)
  A scorpion (D:5)
  A howler monkey (D:4)
  A gnoll shaman (D:2)
  5 worker ants
  7 gnolls
  5 adders
  An ooze (D:5)
  2 worms
  6 dart slugs
  A leopard gecko (D:3)
  8 orcs (D:3)
  3 giant cockroaches
  7 hobgoblins
  8 jackals
  4 kobolds
  A quokka (D:2)
  12 bats
  3 frilled lizards
  12 goblins
  A quokka skeleton (D:4)
  5 rats
99 creatures vanquished.

Vanquished Creatures (collateral kills)
  2 gnolls (D:2)
  A hobgoblin (D:3)
3 creatures vanquished.

Vanquished Creatures (others)
  A gnoll (D:2)
  An orc (D:3)
2 creatures vanquished.

Grand Total: 104 creatures vanquished

Notes
Turn   | Place    | Note
-------+----------+-------------------------------------------
     0 | D:1      | Melicamp the Kobold Artificer began the quest for the Orb.
     0 | D:1      | Reached XP level 1. HP: 12/12 MP: 3/3
     4 | D:1      | Noticed an elephant
   194 | D:1      | Reached skill level 2 in Short Blades
   294 | D:1      | Reached XP level 2. HP: 16/16 MP: 4/4
   306 | D:1      | Reached skill level 3 in Short Blades
   389 | D:1      | Reached XP level 3. HP: 20/20 MP: 5/5
   871 | D:1      | Reached skill level 4 in Short Blades
   871 | D:1      | Reached skill level 1 in Slings
  1067 | D:1      | Noticed a seven-headed hydra
  1223 | D:2      | Reached XP level 4. HP: 25/25 MP: 6/6
  1292 | D:2      | Noticed Sigmund
  1308 | D:2      | Killed Sigmund
  1308 | D:2      | Reached skill level 5 in Short Blades
  1308 | D:2      | Reached XP level 5. HP: 29/29 MP: 7/7
  1308 | D:2      | Reached XP level 6. HP: 34/34 MP: 8/8
  3238 | D:4      | Noticed a phantom
  3783 | D:4      | Reached XP level 7. HP: 33/38 MP: 9/9
  3806 | D:4      | Found a hide-covered altar of Uskayaw.
  3857 | D:4      | Reached skill level 5 in Slings
  4514 | D:5      | Entered Level 5 of the Dungeon
  4956 | D:5      | Reached skill level 6 in Short Blades
  5257 | D:5      | Reached skill level 7 in Short Blades
  5257 | D:5      | Reached XP level 8. HP: 40/43 MP: 10/10
  5415 | D:5      | Learned a level 1 spell: Sandblast
  5471 | D:5      | Reached skill level 1 in Spellcasting
  5822 | D:6      | Found Aryal's Magic Scroll Shop.
  5972 | D:6      | Reached skill level 1 in Earth Magic
  5977 | D:6      | HP: 1/43 [gnoll/spear (9)]
  5978 | D:6      | Slain by a gnoll

Skill      XL: |  1  2  3  4  5  6  7  8 |
---------------+-------------------------+-----
Short Blades   | 2 3 4 5 7 |  7.0
Slings         | 1 3 4 6 |  6.2
Spellcasting   | 3 |  3.0
Earth Magic    | 1 |  1.2
Fighting       | |  1.1
Dodging        | |  2.4
Stealth        | |  1.3
Evocations     | |  3.6

Action                   |  1- 3 |  4- 6 |  7- 9 || total
-------------------------+-------+-------+-------++-------
Melee: Short sword       |    82 |    72 |    28 ||   182
       Hunting sling     |       |     4 |       ||     4
       Dagger            |       |       |   106 ||   106
 Fire: Hunting sling     |       |   169 |    43 ||   212
Throw: Stone             |       |       |    16 ||    16
       Tomahawk          |       |       |     2 ||     2
       Throwing net      |       |       |     1 ||     1
Evoke: Wand              |    11 |    15 |     9 ||    35
  Use: Scroll            |       |     3 |     2 ||     5
       Potion            |       |       |     3 ||     3
 Stab: Sleeping          |     3 |       |     1 ||     4
       Distracted        |       |     1 |       ||     1
       Paralysed         |       |       |     3 ||     3
  Eat: Chunk             |     9 |     6 |     8 ||    23
Armor: Leather armour    |    18 |     5 |       ||    23
       Robe              |       |    21 |    20 ||    41
Dodge: Dodged            |    65 |    82 |    79 ||   226
